 Dungeon Crawl Stone Soup version 0.31-a0-1529-g7bd419a0e5 (webtiles) character file.

Game seed: 5564932496693867101

39 pokeman the Magician (level 3, -1/20 HPs)
             Began as a Deep Elf Hedge Wizard on Dec 31, 2023.
             Slain by a gnoll
             ... wielding a +0 spear
              (6 damage)
             ... on level 2 of the Dungeon.
             The game lasted 00:01:42 (1099 turns).

pokeman the Magician (Deep Elf Hedge Wizard)        Turns: 1099, Time: 00:01:42

Health: -1/20      AC:  3    Str:  7    XL:     3   Next: 26%
Magic:  3/11       EV: 12    Int: 20    God:
Gold:   52         SH:  0    Dex: 14    Spells: 4/12 levels left

rFire   . . .        e - +1 war axe (heavy)
rCold   . . .        (no shield)
rNeg    . . .        b - +0 robe
rPois   .            c - +0 hat
rElec   .            (no cloak)
rCorr   .            i - +0 pair of gloves
SInv    .            (no boots)
Will    .....        (no amulet)
Stlth   ++           h - ring of wizardry
HPRegen 0.23/turn    (no ring)
MPRegen 0.12/turn

%: wizardry (x1)
@: no status effects
A: no striking features
a: no special abilities


You were on level 2 of the Dungeon.
You visited 1 branch of the dungeon, and saw 2 of its levels.

You collected 52 gold pieces.

Inventory:

Hand Weapons
 e - a +1 heavy war axe (weapon)
Armour
 b - a +0 robe (worn)
 c - a +0 hat (worn)
 i - a +0 pair of gloves (worn)
Jewellery
 h - a ring of wizardry (left hand)
Scrolls
 f - a scroll of blinking {unknown}
 j - a scroll of acquirement {unknown}
Potions
 a - 2 potions of berserk rage {unknown}
 d - a potion of magic
 g - a potion of brilliance {unknown}


   Skills:
 + Level 0.8 Fighting
 + Level 0.9 Armour
 - Level 2.4 Dodging
 - Level 2.4 Stealth
 * Level 5.2 Spellcasting
 + Level 1.7 Conjurations
 - Level 1.1 Summonings
 - Level 1.1 Translocations


You had 4 spell levels left.
You knew the following spells:

 Your Spells              Type           Power      Damage    Failure   Level
a - Magic Dart            Conj           48%        1d5       2%          1
b - Mephitic Cloud        Conj/Alch/Air  7%         N/A       11%         3
c - Call Imp              Summ           18%        N/A       4%          2
d - Blink                 Tloc           18%        N/A       4%          2

Your spell library contained the following spells:

 Spells                   Type           Power      Damage    Failure   Level
 Slow                     Hex            20%        N/A       4%          1
 Cigotuvi's Dreadful Rot  Necr/Alch/Air  10%        N/A       7%          2


Dungeon Overview and Level Annotations

Branches:
Dungeon (2/15)

Altars:


Message History

The gnoll is heavily wounded.
Casting: Magic Dart (safe; 2% risk of failure)
Confirm with . or Enter, or press ? or * to list all spells.
Aiming: Magic Dart (safe; 2% risk of failure)
Press: ? - help, Shift-Dir - straight line, f/p - gnoll
Aim: a gnoll, wielding a +0 club (heavily wounded, 100% to hit)
The magic dart hits the gnoll.
The gnoll is severely wounded.
Casting: Magic Dart (safe; 2% risk of failure)
Confirm with . or Enter, or press ? or * to list all spells.
Aiming: Magic Dart (safe; 2% risk of failure)
Press: ? - help, Shift-Dir - straight line, f/p - gnoll
Aim: a gnoll, wielding a +0 club (severely wounded, 100% to hit)
The magic dart hits the gnoll but does no damage.
The gnoll is severely wounded.
An adder comes into view.
A gnoll comes into view. It is wielding a +0 flail.
The gnoll hits you with a +0 club.
The gnoll shouts!
You hit the gnoll.
The gnoll is severely wounded.
The gnoll hits you with a +0 club.
A ball python comes into view.
The gnoll hits you from afar with a +0 spear!
* * * LOW HITPOINT WARNING * * *
The gnoll hits you with a +0 club.
* * * LOW HITPOINT WARNING * * *
A kobold comes into view. It is wielding a +0 whip.
Casting: Magic Dart (safe; 2% risk of failure)
Confirm with . or Enter, or press ? or * to list all spells.
Aiming: Mephitic Cloud (extremely dangerous; 11% risk of failure)
Press: ? - help, Shift-Dir - straight line, f - gnoll, p - gnoll
Aim: a gnoll, wielding a +0 spear (chance to affect: 91%)
The ball explodes into a vile cloud!
The stinking cloud engulfs the gnoll. x2
The gnoll is severely wounded.
The stinking cloud engulfs the adder.
The kobold shouts!
You hear a loud squeak.
The gnoll is engulfed in noxious fumes.
The gnoll hits you from afar with a +0 spear.
You die...

##..##.#.#.
#.....)..#.
#.#........
#...##..##.
#.###..### #######
##.........
#.....####...##.....
#.###...............
#...@##########...<..
####g§# ... ##g# # S#
g# .. S. ..K


You could see 3 gnolls, an adder, a ball python and a kobold.

Vanquished Creatures
  A dart slug (D:1)
  3 bats (D:1)
  4 endoplasms
  2 giant cockroaches (D:1)
  4 goblins
  5 hobgoblins (D:1)
  5 kobolds
  2 quokkas (D:1)
  4 rats
30 creatures vanquished.

Notes
Turn   | Place    | Note
-------+----------+-------------------------------------------
     0 | D:1      | pokeman the Deep Elf Hedge Wizard began the quest for the
                  | Orb.
     0 | D:1      | Reached XP level 1. HP: 10/10 MP: 7/7
   237 | D:1      | Reached XP level 2. HP: 16/16 MP: 5/9
   496 | D:1      | Reached skill level 5 in Spellcasting
   638 | D:1      | Reached XP level 3. HP: 20/20 MP: 6/11
   642 | D:1      | Learned a level 3 spell: Mephitic Cloud
   645 | D:1      | Learned a level 2 spell: Call Imp
   648 | D:1      | Learned a level 2 spell: Blink
  1099 | D:2      | Slain by a gnoll

Illustrated notes

Levels and vault maps discovered:
D:1:      dpeg_arrival_tiny_a, layout_rooms, st_stairs_10
D:2:      layout_rooms, uniq_natasha

Skill      XL: |  1  2 |
---------------+-------+-----
Spellcasting   | 5 |  5.2
Fighting       | |  0.8
Armour         | |  0.9
Dodging        | |  2.4
Stealth        | |  2.4
Conjurations   | |  1.7
Summonings     | |  1.1
Translocations | |  1.1

Action                     || total
---------------------------++-------
  Melee: War axe           ||     6
   Cast: Magic Dart        ||    72
         Mephitic Cloud    ||     1
 Armour: Robe              ||    10
  Dodge: Dodged            ||     3

Table legend: (Time is in decaauts)
 A = Elapsed time spent in this place.
 B = Non-inter-level travel time spent in this place.
 C = Inter-level travel time spent in this place.
 D = Time resting spent in this place.
 E = Time spent auto-exploring this place.
 F = Levels seen in this place.
 G = Mean time per level.
                   A        B        C        D        E       F      G
               +--------+--------+--------+--------+--------+-----+--------+
         Total |   1105 |   1092 |     13 |      0 |    932 |   2 |  552.5 |
       Dungeon |   1105 |   1092 |     13 |      0 |    932 |   2 |  552.5 |
               +--------+--------+--------+--------+--------+-----+--------+

Top non-repeatable levels by time:
     D:1: 970 daAuts
     D:2: 135 daAuts
